cohdb
Replays
Latest Replays
All Replays
Popular Replays
Top Player Replays
Match Explorer
How It Works
Community
CoH3 Stats
Reddit
Sign in to upload your games and track your stats! →
Sign in with Steam
Match 45090227
Unlisted
Match 45090227
Overview
Messages
Build Orders
End
Construct Barracks
Riflemen Squad
Riflemen Squad
Riflemen Squad
Grenade Package
Construct Medical Station
Infantry Support Center
Construct Weapon Support Center
M3 Armored Personnel Carrier
M1918 Browning Automatic Rifles
Selects Heavy Weapons
Selects Assault Carriers
Selects Exchangeable Parts
M3 Assault Carrier
Riflemen Squad
Captain Retinue
M3 Assault Carrier
M3 Assault Carrier
Survival Training
Advanced Logistics
Engineer Squad
M3 Assault Carrier
Selects M26 Pershing Heavy Tank
M26 Pershing Heavy Tank
Engineer Squad
Engineer Squad
Construct Tank Depot
Selects M2HB .50cal Heavy Machine Gun
P3prime
Chicken
pagep
7k this year for sure
0
0
Comments
sign in to comment!
No comments posted yet!